 Dungeon Crawl Stone Soup version 0.29.0-4-gdea44cf6ec (webtiles) character file.

Game seed: 12731830692513581169

107 qw the Chopper (level 4, -2/26 HPs)
             Began as a Tengu Warper on Aug 28, 2022.
             Shot with an arrow by a centaur (7 damage)
             ... on level 3 of the Dungeon.
             The game lasted 00:00:12 (2367 turns).

qw the Chopper (Tengu Warper)                       Turns: 2367, Time: 00:00:12

Health: -2/26      AC: 14    Str: 14    XL:     4   Next: 86%
Magic:  8/8        EV:  4    Int: 13    God:
Gold:   63         SH:  0    Dex: 13    Spells: 7/7 levels left

rFire   . . .      SeeInvis .   Y - +0 hand axe
rCold   . . .      Faith    .   (no shield)
rNeg    . . .      Spirit   .   g - +0 plate armour
rPois   .          Reflect  .   (helmet restricted)
rElec   .          Harm     .   e - +2 cloak
rCorr   .          Rampage  .   (no gloves)
Will    .....                   (boots unavailable)
Stlth   ..........              (no amulet)
HPRegen 0.08/turn               (no ring)
MPRegen 0.11/turn               (no ring)

@: about to teleport
A: beak, talons 3
a: no special abilities


You were on level 3 of the Dungeon.
You visited 1 branch of the dungeon, and saw 3 of its levels.

You collected 63 gold pieces.


Innate Abilities, Weirdness & Mutations

You have a beak for a mouth.
You have claws for feet.


   Skills:
 - Level 2.0 Fighting
 + Level 5.0 Axes
 - Level 1.0 Throwing
 - Level 2.1 Armour
 - Level 2.1 Dodging
 - Level 2.0 Spellcasting
 - Level 2.4 Translocations


You had 7 spell levels left.
You didn't know any spells.
Your spell library contained the following spells:

 Spells                   Type           Power      Damage    Failure   Level
 Blink                    Tloc           14%        N/A       100%        2
 Gell's Gravitas          Tloc           7%         N/A       100%        3
 Lesser Beckoning         Tloc           7%         N/A       100%        3
 Teleport Other           Tloc           7%         N/A       100%        3
 Manifold Assault         Tloc           7%         N/A       100%        5

Inventory:

Hand Weapons
 f - a +0 club
 Y - a +0 hand axe (weapon)
Armour
 e - a +2 cloak (worn)
 g - a +0 plate armour (worn)
Jewellery
 h - a ring of ice
Scrolls
 d - 2 scrolls of identify {unknown}
 i - a scroll of teleportation
 j - a scroll of vulnerability {unknown}
 l - a scroll of noise {unknown}
 m - 2 scrolls of amnesia {unknown}
 n - a scroll of immolation {unknown}
Potions
 a - a potion of berserk rage {unknown}
 b - 2 potions of heal wounds {unknown}
 c - 2 potions of degeneration {unknown}
 k - 2 potions of might

Dungeon Overview and Level Annotations

Branches:
Dungeon (3/15)

Altars:


Message History

You barely miss the jackal. You claw the jackal.
You kill the jackal!
A ball python comes into view.
You closely miss the ball python.
The ball python hisses angrily.
The ball python bites you but does no damage.
The ball python barely misses you.
You slash the ball python!
You kill the ball python!
Found a scroll labelled COKEST LYNIWNUTEY.
A centaur comes into view.
2352 ||| Stepping ~*~*~tactically~*~*~ (stealth).
You barely miss the adder. Your kick misses the adder.
The adder bites you but does no damage. The adder barely misses you.
You miss the adder. Your kick misses the adder.
The adder bites you but does no damage.
You closely miss the adder. The adder completely misses you.
The adder bites you but does no damage.
You barely miss the adder. You peck the adder.
The adder is lightly wounded.
The adder bites you but does no damage.
You hit the adder. You claw the adder. Your peck misses the adder.
The adder is heavily wounded.
The adder bites you but does no damage.
You hit the adder.
You kill the adder!
Your Axes skill increases to level 5!
A centaur is nearby!
The centaur shouts!
The centaur wields a +0 shortbow.
The centaur shoots an arrow.
The arrow hits you.
Found a robe.
The centaur shoots an arrow.
The arrow barely misses you.
The centaur shoots an arrow.
The arrow hits you!
Ouch! That really hurt!
2367 ||| READING 2 scrolls of teleportation.
As you read the scroll of teleportation, it crumbles to dust.
You feel strangely unstable.
The centaur shoots an arrow.
The arrow hits you!
You die...

#........##....##.# #########
#........##....##.#######........
.........##............##........
.....###########)..[..##........
########......##........
..............##........
[.............##########
..............#...######
....?..@..)...#........%
.........######.........
.....c...# #......... .........#
#...###### .........# #...#
.........# #...# .........# #...#
########## #...# #...#


You could see a centaur.

Vanquished Creatures
  6 adders
  A worm (D:2)
  2 dart slugs
  3 bats
  5 endoplasms
  6 giant cockroaches
  2 goblins
  4 hobgoblins
  3 jackals (D:3)
  3 kobolds
  A quokka (D:1)
  6 ball pythons
  A frilled lizard (D:2)
  3 rats
46 creatures vanquished.

Notes
Turn   | Place    | Note
-------+----------+-------------------------------------------
     0 | D:1      | qw the Tengu Warper began the quest for the Orb.
     0 | D:1      | Reached XP level 1. HP: 12/12 MP: 4/4
     0 | D:1      | 0 ||| qw: Version: 0.1-a-89-g26bdef1
     0 | D:1      | 0 ||| qw: Game counter: 2775
     0 | D:1      | 0 ||| qw: Always use a shield: true
     0 | D:1      | 0 ||| qw: God list: Okawaru
     0 | D:1      | 0 ||| qw: Allow faded altars: false
     0 | D:1      | 0 ||| qw: Do Orc after D:15 true
     0 | D:1      | 0 ||| qw: Do second Lair branch before Depths: true
     0 | D:1      | 0 ||| qw: Lair rune preference: random
     0 | D:1      | 0 ||| qw: Plans: Normal
     0 | D:1      | 0 ||| PLANNING D:1-11
    10 | D:1      | 10 ||| Stepping ~*~*~tactically~*~*~ (stealth).
   111 | D:1      | 111 ||| Stepping ~*~*~tactically~*~*~ (hiding).
   146 | D:1      | 146 ||| Stepping ~*~*~tactically~*~*~ (hiding).
   148 | D:1      | 148 ||| Stepping ~*~*~tactically~*~*~ (stealth).
   149 | D:1      | 149 ||| Stepping ~*~*~tactically~*~*~ (hiding).
   157 | D:1      | Reached XP level 2. HP: 17/17 MP: 6/6
   165 | D:1      | 165 ||| Stepping ~*~*~tactically~*~*~ (stealth).
   166 | D:1      | Found a faded altar of an unknown god.
   216 | D:1      | Reached skill level 3 in Axes
   240 | D:1      | 240 ||| Stepping ~*~*~tactically~*~*~ (stealth).
   942 | D:1      | 942 ||| UPGRADING to +0 cloak.
   947 | D:1      | 947 ||| UPGRADING to +0 plate armour.
   957 | D:1      | 957 ||| DROPPING +0 leather armour.
   958 | D:1      | 958 ||| READING 2 scrolls labelled ITAHORR YCIOSA.
   959 | D:1      | 959 ||| READING 2 scrolls labelled XETWIAR WEONK.
   963 | D:1      | 963 ||| READING 3 scrolls labelled ETRIORUETZ.
   964 | D:1      | 964 ||| READING 2 scrolls of enchant armour.
   964 | D:1      | 964 ||| ENCHANTING +0 cloak.
   965 | D:1      | 965 ||| READING scroll of enchant armour.
   965 | D:1      | 965 ||| ENCHANTING +1 cloak.
   966 | D:1      | 966 ||| READING scroll labelled DIWIOXZ XYZOU.
  1067 | D:1      | 1067 ||| DRINKING 3 bubbling green potions.
  1068 | D:1      | 1068 ||| DROPPING scroll of fog.
  1069 | D:1      | 1069 ||| DROPPING scroll of blinking.
  1138 | D:2      | 1138 ||| Stepping ~*~*~tactically~*~*~ (stealth).
  1145 | D:2      | Reached XP level 3. HP: 21/21 MP: 7/7
  1329 | D:2      | Reached skill level 4 in Axes
  1329 | D:2      | 1329 ||| Stepping ~*~*~tactically~*~*~ (hiding).
  1330 | D:2      | 1330 ||| Stepping ~*~*~tactically~*~*~ (hiding).
  1511 | D:2      | 1511 ||| Stepping ~*~*~tactically~*~*~ (stealth).
  1512 | D:2      | 1512 ||| Stepping ~*~*~tactically~*~*~ (stealth).
  1514 | D:2      | 1514 ||| Stepping ~*~*~tactically~*~*~ (stealth).
  1809 | D:3      | Reached XP level 4. HP: 26/26 MP: 8/8
  1981 | D:3      | 1981 ||| Stepping ~*~*~tactically~*~*~ (stealth).
  2331 | D:3      | 2331 ||| Stepping ~*~*~tactically~*~*~ (stealth).
  2351 | D:3      | Noticed a centaur
  2352 | D:3      | 2352 ||| Stepping ~*~*~tactically~*~*~ (stealth).
  2361 | D:3      | Reached skill level 5 in Axes
  2366 | D:3      | HP: 5/26 [centaur/arrow (15)]
  2367 | D:3      | 2367 ||| READING 2 scrolls of teleportation.
  2367 | D:3      | Shot with an arrow by a centaur

Levels and vault maps discovered:
D:1:      mrwooster_arrival_statue, layout_loops_ring,
          ebering_ecumenical_altar_sacrificial
D:2:      layout_loops_cross
D:3:      layout_basic, minmay_misc_feat_rugged, chequers_serial_rivers_room_b

Skill      XL: |  1  2  3  4 |
---------------+-------------+-----
Axes           | 3 4 5 |  5.0
Armour         | 2 |  2.1
Fighting       | |  2.0
Throwing       | |  1.0
Dodging        | |  2.1
Spellcasting   | |  2.0
Translocations | |  2.4

Action                   |  1- 3 |  4- 6 || total
-------------------------+-------+-------++-------
Melee: Hand axe          |    68 |    35 ||   103
       Kick              |    19 |     6 ||    25
       Peck              |     9 |     4 ||    13
       Punch             |     4 |       ||     4
Throw: Boomerang         |     7 |       ||     7
  Use: Scroll            |     6 |     1 ||     7
       Potion            |     1 |       ||     1
Armor: Leather armour    |     5 |       ||     5
       Plate armour      |    30 |    32 ||    62
Dodge: Dodged            |    14 |     7 ||    21

Table legend:
 A = Non-vault XP
 B = Vault XP
 C = Vault XP percentage of total XP
 D = Non-vault monster count
 E = Vault monster count
 F = Vault count percentage of total count
                 A         B        C        D         E       F
            +---------+---------+-------+---------+---------+-------
      Total |     154 |       0 |   0.0 |      46 |       0 |   0.0
            +---------+---------+-------+---------+---------+-------
        D:1 |      30 |       0 |   0.0 |      15 |       0 |   0.0
        D:2 |      43 |       0 |   0.0 |      17 |       0 |   0.0
        D:3 |      81 |       0 |   0.0 |      14 |       0 |   0.0
            +---------+---------+-------+---------+---------+-------
